cohdb
Replays
Latest Replays
All Replays
Popular Replays
Top Player Replays
Match Explorer
How It Works
Community
CoH3 Stats
Reddit
Sign in to upload your games and track your stats! →
Sign in with Steam
Match 41229808
Unlisted
Match 41229808
Overview
Messages
Build Orders
End
Construct Barracks
Riflemen Squad
Riflemen Squad
1⁄4-ton 4x4 Truck
Riflemen Squad
M1 Mortar Team
Construct Weapon Support Center
Construct Medical Station
Infantry Support Center
M3 Armored Personnel Carrier
M1918 Browning Automatic Rifles
Selects Heavy Weapons
Selects M2HB .50cal Heavy Machine Gun
Selects Assault Carriers
Grenade Package
Riflemen Squad
Riflemen Squad
Advanced Logistics
Engineer Squad
Construct Tank Depot
Selects Exchangeable Parts
Selects M26 Pershing Heavy Tank
M26 Pershing Heavy Tank
M1919 Machine Gun Team
Construct Tank Depot
M4A1 Sherman Medium Tank
Selects Rapid Reposition
Selects Black Dragon Artillery Barrage
只愛❤毛妹
WazzaBozza
0
0
Comments
sign in to comment!
No comments posted yet!